 Dungeon Crawl Stone Soup version 0.21-a0-633-g4c047d5 (webtiles) character file.

148 shenanigans the Skirmisher (level 5, -3/43 HPs)
             Began as a Barachi Monk on Dec 28, 2017.
             Killed from afar by Sigmund (7 damage)
             ... with a magic dart
             ... on level 3 of the Dungeon.
             The game lasted 00:08:07 (4948 turns).

shenanigans the Skirmisher (Barachi Monk)           Turns: 4948, Time: 00:08:08

Health: -3/43      AC:  4    Str: 18    XL:     5   Next: 30%
Magic:  5/5        EV: 10    Int: 11    God:
Gold:   104        SH:  7    Dex: 14    Spells: 4/4 levels left

rFire    . . .     SeeInvis .   a - +0 war axe
rCold    . . .     Gourm    .   p - +0 shield
rNeg     . . .     Faith    .   b - +0 robe
rPois    .         Spirit   .   r - +0 helmet
rElec    .         Reflect  .   h - +0 cloak
rCorr    +         Harm     .   (no gloves)
MR       .....                  (no boots)
Stlth    ++........             (no amulet)
HPRegen  0.14/turn              e - ring of resist corrosion
MPRegen  0.09/turn              (no ring)

@: mighty, heavily drained, slow
A: +LOS, swims, slowness 1, strong legs 1
a: Hop


You were on level 3 of the Dungeon.
You were not hungry.

You visited 1 branch of the dungeon, and saw 3 of its levels.

You collected 104 gold pieces.

Inventory:

Hand Weapons
 a - a +0 war axe (weapon)
 A - a +1 hand axe
Missiles
 g - 6 javelins (quivered)
 o - a throwing net
Armour
 b - a +0 robe (worn)
 h - a +0 cloak (worn)
 p - a +0 shield (worn)
 r - a +0 helmet (worn)
Jewellery
 e - a ring of resist corrosion (left hand)
Scrolls
 d - a scroll of remove curse
 i - a scroll of teleportation
 m - a scroll of fear
 q - a scroll of enchant weapon
Potions
 f - a potion of might
 j - 2 potions of cancellation
 l - a potion of haste
Comestibles
 c - 6 rations


   Skills:
 + Level 4.5(3.1) Fighting
 + Level 4.1(2.8) Axes
 + Level 2.4(1.1) Armour
 + Level 4.1(2.8) Dodging
 - Level 1.7(0.5) Stealth
 * Level 1.8(0.6) Shields


You had 4 spell levels left.
You didn't know any spells.

Dungeon Overview and Level Annotations

Branches:
Dungeon (3/15)

Altars:

Annotations:
D:3 Sigmund


Innate Abilities, Weirdness & Mutations

Shadows flee at your approach. (+LOS)
You can swim through water.
You cover ground slowly.
You can hop short distances.


Message History

You miss something. Something hits you!
You slash something! Something hits you but does no damage.
You miss something.
You hear some strange, mumbled words.
A puff of flame appears from out of thin air!
You block the puff of flame.
You closely miss something.
You hear some strange, mumbled words.
A magic dart appears from out of thin air!
The magic dart hits you!
* * * LOW HITPOINT WARNING * * *
You closely miss something.
You hear some strange, mumbled words.
A puff of flame appears from out of thin air!
The puff of flame hits you!
* * * LOW HITPOINT WARNING * * *
You hear some strange, mumbled words.
A magic dart appears from out of thin air!
The magic dart hits you!
You die...

#### ####### #..
......## #{#
####...#########@#
#...............#
#.#...###########
#.##.## #.##.#
#.##.# #.##.#
##.##.# ####
.#.##.##########
#..#


There were no monsters in sight!

Vanquished Creatures
  2 worker ants
  2 adders
  An ooze (D:1)
  6 worms
  2 leopard geckos
  3 orcs (D:3)
  3 giant cockroaches
  6 goblins
  7 hobgoblins
  4 jackals (D:2)
  A quokka (D:3)
  2 bats
  2 frilled lizards (D:2)
  8 kobolds
  8 rats
57 creatures vanquished.

Notes
Turn   | Place    | Note
-------+----------+-------------------------------------------
     0 | D:1      | shenanigans the Barachi Monk began the quest for the Orb.
     0 | D:1      | Reached XP level 1. HP: 18/18 MP: 1/1
   332 | D:1      | Reached XP level 2. HP: 10/25 MP: 2/2
   827 | D:1      | Reached skill level 1 in Armour
   898 | D:1      | You fall through a shaft!
  1258 | D:2      | Reached XP level 3. HP: 17/30 MP: 3/3
  2338 | D:2      | Reached XP level 4. HP: 37/37 MP: 4/4
  3015 | D:2      | Reached skill level 1 in Shields
  3971 | D:3      | Reached XP level 5. HP: 32/43 MP: 5/5
  4722 | D:3      | Noticed Sigmund
  4948 | D:3      | Killed from afar by Sigmund

Vault maps used:
D:1:      lightli_arrival_flooded_house, hangedman_decor_lopped
D:2:      wad_lake_hut, minmay_distorted
D:3:      uniq_crazy_yiuf_cottage, uniq_sigmund

Skill      XL: |  1  2  3  4 |
---------------+-------------+-----
Armour         | 1 2 |  2.4
Fighting       | 4 |  4.5
Axes           | 4 |  4.1
Shields        | 1 |  1.8
Dodging        | 4 |  4.1
Stealth        | |  1.7

Action                   |  1- 3 |  4- 6 || total
-------------------------+-------+-------++-------
Melee: Hand axe          |   109 |    86 ||   195
       War axe           |       |    71 ||    71
Throw: Javelin           |       |     6 ||     6
 Abil: Hop               |       |     1 ||     1
  Use: Scroll            |       |     9 ||     9
       Potion            |       |     2 ||     2
 Stab: Sleeping          |     1 |     1 ||     2
  Eat: Chunk             |     4 |     7 ||    11
       Ration            |       |     1 ||     1
Armor: Robe              |    13 |    31 ||    44
       Skin              |       |    11 ||    11
Dodge: Dodged            |    88 |    43 ||   131
Block: Shield            |       |    43 ||    43

Table legend:
 A = Spawn XP
 B = Non-spawn XP
 C = Spawn XP percentage of total XP
 D = Spawn monster count
 E = Non-spawn monster count
 F = Spawn count percentage of total count
 G = Total turns spent on level
                    A         B        C        D         E        F      G
               +---------+---------+-------+---------+---------+-------+---------
         Total |       0 |     212 |   0.0 |       0 |      57 |   0.0 |  4948
               +---------+---------+-------+---------+---------+-------+---------
           D:1 |       0 |      26 |   0.0 |       0 |      14 |   0.0 |  1342
           D:2 |       0 |     106 |   0.0 |       0 |      29 |   0.0 |  2365
           D:3 |       0 |      80 |   0.0 |       0 |      14 |   0.0 |  1241
               +---------+---------+-------+---------+---------+-------+---------
